 Dungeon Crawl Stone Soup version 0.17.1-2-g5865329 (webtiles) character file.

17 namelastname112 the Magician (level 2, -9/20 HPs)
             Began as a Draconian Wizard on Jan 11, 2016.
             Killed from afar by Sigmund (10 damage)
             ... with a puff of flame
             ... on level 2 of the Dungeon.
             The game lasted 00:02:33 (1132 turns).

namelastname112 the Magician (Draconian Wizard)     Turns: 1132, Time: 00:02:34

Health: -9/20      AC:  4    Str:  9    XL:     2   Next: 44%
Magic:  12/15      EV: 12    Int: 18    God:
Gold:   31         SH:  0    Dex:  9    Spells: 1 memorised, 6 levels left

rFire  . . .     SeeInvis .       - Unarmed
rCold  . . .     Clarity  .     (armour unavailable)
rNeg   . . .     SustAt   .     (no shield)
rPois  .         Gourm    .     a - +0 hat
rElec  .         Spirit   .     (no cloak)
rCorr  .         Warding  .     (no gloves)
rMut   .         Stasis   .     (no boots)
MR     +....                    (no amulet)
Stlth  +.........               k - ring of protection from magic
                                j - ring of magical power

@: very slightly contaminated, somewhat resistant to hostile enchantments, very
unstealthy
A: unfitting armour, cold-blooded, AC +4
a: no special abilities


You were on level 2 of the Dungeon.
You were hungry.

You visited 1 branch of the dungeon, and saw 2 of its levels.

You collected 31 gold pieces.

Inventory:

Missiles
 l - 8 curare-tipped needles
Armour
 a - a +0 hat (worn)
Jewellery
 j - a ring of magical power (left hand)
 k - a ring of protection from magic (right hand)
Scrolls
 e - a scroll of noise {unknown}
 g - a scroll of magic mapping {unknown}
 m - a scroll of remove curse {unknown}
Potions
 d - 2 potions of curing {unknown}
 f - a potion of heal wounds {unknown}
 i - 2 potions of degeneration {unknown}
Books
 b - a book of Minor Magic

   Spells                             Type                      Level
   a - Magic Dart                     Conjuration                  1
   b - Blink                          Translocation                2
   c - Call Imp                       Summoning                    2
   d - Repel Missiles                 Charms/Air                   2
   e - Slow                           Hexes                        2
   f - Conjure Flame                  Conjuration/Fire             3
   g - Mephitic Cloud                 Conjuration/Poison/Air       3
Comestibles
 c - 2 bread rations
 h - a royal jelly


   Skills:
 - Level 1.7 Dodging
 - Level 1.7 Stealth
 + Level 2.2 Unarmed Combat
 - Level 3.0 Spellcasting
 - Level 1.0 Conjurations
   Level 1.0 Summonings
   Level 1.0 Translocations


You had 6 spell levels left.
You knew the following spells:

 Your Spells              Type           Power        Failure   Level  Hunger
z - Magic Dart            Conj           #...         12%         1    None


Dungeon Overview and Level Annotations

Branches:
Dungeon (2/15)

Altars:

Annotations:
D:2 Ijyb, Sigmund


Innate Abilities, Weirdness & Mutations

Your plain brown scales are hard (AC +4).
Your body does not fit into most forms of armour.
You are cold-blooded and may be slowed by cold attacks.


Message History

Sigmund hits you but does no damage.
The teleport trap disappears.
Ijyb disappears!
Sigmund casts a spell at you. The puff of flame hits you!
You see here 3 stones.
Sigmund casts a spell.
Sigmund flickers and vanishes!
Deactivating autopickup; reactivate with Ctrl-A.
Found 17 stones.
A puff of flame appears from out of thin air!
The puff of flame hits you!
Ouch! That really hurt!
* * * LOW HITPOINT WARNING * * *
A puff of flame appears from out of thin air!
The puff of flame hits you!
* * * LOW HITPOINT WARNING * * *
A puff of flame appears from out of thin air!
The puff of flame hits you!
Ouch! That really hurt!
You die...

# #.# #.# # ?. # #.# #.#.#
##.. # # #.# #.#.###.# #.. ..
# ##.####........ ... .#
#######.....(.....).# #.# .#
..........#####.###.###%##.##
#######...# ......@.....#
##.##########.###.####.#
#........@...# #<#
############.# #.# ... ....#
##...# #####


There were no monsters in sight!

Vanquished Creatures
  4 giant cockroaches (D:1)
  A hobgoblin (D:1)
  3 jackals (D:1)
  A ball python (D:1)
  A bat (D:1)
  5 goblins
  2 kobolds (D:1)
  2 rats (D:1)
19 creatures vanquished.

Notes
Turn   | Place    | Note
--------------------------------------------------------------
     0 | D:1      | namelastname112 the Draconian Wizard began the quest for the Orb.
     0 | D:1      | Reached XP level 1. HP: 14/14 MP: 4/4
   146 | D:1      | Reached skill level 1 in Unarmed Combat
   343 | D:1      | Reached XP level 2. HP: 17/20 MP: 6/6
   955 | D:2      | Noticed Sigmund
  1114 | D:2      | Noticed Ijyb
  1131 | D:2      | HP: 1/20 [something/puff of flame (4)]
  1132 | D:2      | Killed from afar by Sigmund

Action                   || total
-------------------------++-------
Melee: Unarmed           ||    48
 Cast: Magic Dart        ||    32
 Stab: Sleeping          ||     2
